 Dungeon Crawl Stone Soup version 0.22.0 (webtiles) character file.

2456 lukekx100 the Cleaver (level 9, -9/74 HPs)
             Began as a Hill Orc Fighter on Aug 10, 2018.
             Mangled by a yak (11 damage)
             ... on level 9 of the Dungeon.
             The game lasted 00:36:24 (6923 turns).

lukekx100 the Cleaver (Hill Orc Fighter)            Turns: 6923, Time: 00:36:25

Health: -9/74      AC: 12    Str: 21    XL:     9   Next: 50%
Magic:  9/9        EV:  9    Int: 14    God:
Gold:   418        SH: 10    Dex: 11    Spells: 8/8 levels left

rFire    + + +     SeeInvis .   N - +6 war axe
rCold    . . .     Gourm    +   c - +0 shield
rNeg     . . .     Faith    .   B - +0 chain mail
rPois    +         Spirit   .   S - +0 helmet "Exiqus" {*Drain rPois rF+++ MR+ Int+6}
rElec    .         Reflect  .   (no cloak)
rCorr    +         Harm     .   U - +0 pair of gloves
MR       +....                  (no boots)
Stlth    ..........             J - amulet of the gourmand
HPRegen  0.22/turn              p - ring of resist corrosion
MPRegen  0.11/turn              u - +2 ring of evasion

@: about to teleport, flying
A: no striking features
a: no special abilities


You were on level 9 of the Dungeon.
You were not hungry.

You visited 1 branch of the dungeon, and saw 8 of its levels.

You collected 418 gold pieces.

Inventory:

Hand Weapons
 a - a +0 war axe
 g - a +0 short sword
 m - a +0 hand axe
 w - a +0 war axe
 y - a +0 rapier
 C - a +0 morningstar
 D - the cursed +0 falchion of Eternal Night {antimagic, Stlth+, unknown}
   (You found it on level 4 of the Dungeon)

   It reduces the magical energy of the wielder, and disrupts the spells and
   magical abilities of those hit.
   Natural abilities and divine invocations are not affected.
   It makes you more stealthy.
   It has a curse placed upon it.
 E - a +0 giant club
 L - a +0 falchion
 M - a cursed +2 flail
 N - a +6 war axe (weapon)
 O - a +3 long sword
Armour
 b - a +0 scale mail
 c - a +0 shield (worn)
 e - a +0 leather armour
 q - a +0 ring mail
 r - a +0 scale mail
 v - a +0 leather armour
 B - a +0 chain mail (worn)
 F - a +0 centaur barding
 P - a +1 robe of magic resistance
 S - the +0 helmet "Exiqus" (worn) {*Drain rPois rF+++ MR+ Int+6}
   (You found it on level 7 of the Dungeon)

   It affects your intelligence (+6).
   It renders you almost immune to fire.
   It protects you from poison.
   It affects your resistance to hostile enchantments.
   It causes draining when unequipped.
 U - a +0 pair of gloves (worn)
Jewellery
 j - an uncursed ring of see invisible {unknown}
 p - a ring of resist corrosion (left hand)
 u - a +2 ring of evasion (right hand)
 J - an amulet of the gourmand (around neck)
 K - an uncursed ring of wizardry {unknown}
 Q - an uncursed ring of magical power {unknown}
Wands
 d - a wand of paralysis (14)
 R - a wand of acid (4)
Scrolls
 h - a scroll of blinking
 l - 3 scrolls of fear
 o - a scroll of amnesia
 s - 2 scrolls of fog
 x - a scroll of random uselessness {unknown}
 A - 2 scrolls of remove curse
 H - 3 scrolls of teleportation
 I - a scroll of immolation
 T - a scroll of identify
Potions
 i - 3 potions of degeneration {unknown}
 k - 2 potions of invisibility
 n - a potion of haste {unknown}
 t - a potion of flight
 z - a potion of cancellation {unknown}
 G - 3 potions of curing {unknown}
Comestibles
 f - 2 rations


   Skills:
 + Level 5.4 Fighting
 * Level 9.9(10.1) Axes
 - Level 2.0(5.6) Maces & Flails
 + Level 5.5 Armour
 * Level 3.8 Dodging
 * Level 4.2 Stealth
 + Level 6.0 Shields


You had 8 spell levels left.
You didn't know any spells.
Your spell library contained the following spells:

 Spells                   Type           Power        Failure   Level  Hunger
 Confuse                  Hex            #.......     100%        3    ####...
 Tukima's Dance           Hex            #.......     100%        3    ####...
 Ensorcelled Hibernation  Hex/Ice        #.....       100%        2    ###....
 Corona                   Hex            #......      100%        1    ##.....
 Dazzling Spray           Conj/Hex       #.....       100%        3    ####...


Dungeon Overview and Level Annotations

Branches:
Dungeon (7/15)             Temple (0/1) D:4            Lair (0/6) D:9

Altars:
Makhleb
Nemelex Xobeh
Vehumet
Yredelemnul

Portals:
Bailey: D:7

Annotations:
D:5 1 runed door


Message History

The orc wizard casts a spell.
The orc wizard seems to speed up.
The yak closely misses you. The yak barely misses you.
You block the hornet's attack.
You slash the hornet!
The hornet is almost dead.
You hit the yak. You slash the yak! The hornet closely misses you.
You block the yak's attack. The yak gores you!
* * * LOW HITPOINT WARNING * * *
The hornet stings you!
* * * LOW HITPOINT WARNING * * *
You feel very buoyant.
You fly up into the air.
You block the yak's attack. The hornet completely misses you.
The yak gores you!
* * * LOW HITPOINT WARNING * * *
Okay, then.
Okay, then.
As you read the scroll of teleportation, it crumbles to dust.
You feel strangely unstable. The hornet misses you. The yak closely misses you.
The yak gores you!
You die... ##....# .'....# ....# ##....# ...# #....# .<. ####'## ooo

#....# #o# #.#### #o#
#.# ##Y# #.########
#@Y# .........# ##y###
.........# #....#
.........# #....#
.........# ####....#
.........###.......#
.........#...##....#
.....(.....####......#
.........### #....###


You could see 2 yaks, a hornet, 2 orc wizards and 2 orcs.

Vanquished Creatures
  A yak (D:9)
  A water moccasin (D:6)
  2 ice beasts
  A phantom (D:5)
  3 ogres
  A centaur (D:6)
  A crocodile (D:3)
  2 bullfrogs
  3 scorpions
  4 wights (D:6)
  A crimson imp (D:6)
  A bullfrog zombie (D:4)
  A quasit (D:7)
  2 centaur zombies (D:6)
  A gnoll shaman (D:5)
  5 jellies
  An orc priest (D:4)
  A bullfrog skeleton (D:6)
  4 hounds
  3 orc wizards
  A centaur skeleton (D:7)
  5 worker ants
  2 iguanas
  5 gnolls (D:5)
  11 adders
  3 howler monkey skeletons
  2 adder skeletons
  A worm (D:3)
  2 dart slugs (D:1)
  5 leopard geckos
  11 orcs
  4 giant cockroaches
  10 goblins
  5 hobgoblins
  6 jackals
  8 kobolds
  7 quokkas
  A ball python (D:4)
  6 bats
  6 frilled lizards
  A goblin skeleton (D:5)
  2 leopard gecko skeletons (D:4)
  9 rats
152 creatures vanquished.

Notes
Turn   | Place    | Note
-------+----------+-------------------------------------------
     0 | D:1      | lukekx100 the Hill Orc Fighter began the quest for the Orb.
     0 | D:1      | Reached XP level 1. HP: 19/19 MP: 1/1
    64 | D:1      | Reached XP level 2. HP: 21/27 MP: 2/2
   712 | D:1      | Reached skill level 3 in Axes
   905 | D:2      | Reached XP level 3. HP: 31/33 MP: 3/3
  1519 | D:3      | Reached skill level 1 in Dodging
  1519 | D:3      | Reached XP level 4. HP: 12/40 MP: 4/4
  1643 | D:3      | Noticed a crocodile
  1656 | D:3      | Killed a crocodile
  1656 | D:3      | Reached skill level 4 in Axes
  1656 | D:3      | Reached skill level 1 in Stealth
  1656 | D:3      | Reached XP level 5. HP: 23/46 MP: 5/5
  2101 | D:4      | Reached XP level 6. HP: 43/52 MP: 6/6
  2215 | D:4      | Found a staircase to the Ecumenical Temple.
  2310 | D:4      | Got a pitted falchion
  2363 | D:4      | Found a sand-covered staircase.
  2686 | D:4      | Reached skill level 1 in Maces & Flails
  2686 | D:4      | Reached XP level 7. HP: 27/60 MP: 7/7
  3005 | D:5      | Entered Level 5 of the Dungeon
  3055 | D:5      | Found a runed door.
  3055 | D:5      | Noticed a human
  3066 | D:5      | Found a basalt altar of Yredelemnul.
  3070 | D:5      | Found a sparkling altar of Nemelex Xobeh.
  3146 | D:5      | Reached skill level 5 in Axes
  3550 | D:5      | Paralysed by an orc for 2 turns
  3615 | D:5      | Found a radiant altar of Vehumet.
  3615 | D:5      | Found a burning altar of Makhleb.
  3794 | D:5      | Reached XP level 8. HP: 65/67 MP: 8/8
  3840 | D:5      | Reached skill level 6 in Axes
  4056 | D:5      | Found a basalt altar of Yredelemnul.
  4233 | D:6      | Reached skill level 5 in Shields
  4382 | D:6      | Reached skill level 7 in Axes
  4387 | D:6      | Reached skill level 5 in Fighting
  4438 | D:6      | Reached skill level 5 in Armour
  5148 | D:6      | Reached skill level 8 in Axes
  5800 | D:6      | Reached XP level 9. HP: 74/74 MP: 9/9
  5907 | D:6      | Reached skill level 9 in Axes
  6313 | D:7      | Found a flagged portal.
  6683 | D:7      | Got a scorched helmet
  6689 | D:7      | Identified the +0 helmet "Exiqus" {*Drain rPois rF+++ MR+ Int+6} (You found it on level 7 of the Dungeon)
  6750 | D:7      | You fall through a shaft for 2 floors!
  6775 | D:9      | Found a staircase to the Lair.
  6904 | D:9      | Noticed a hornet
  6913 | D:9      | Paralysed by a hornet for 2 turns
  6922 | D:9      | HP: 2/74 [yak (7)]
  6923 | D:9      | Mangled by a yak

Skill      XL: |  1  2  3  4  5  6  7  8  9 |
---------------+----------------------------+-----
Axes           | 3 4 5 8 9 |  9.9
Fighting       | 4 5 |  5.4
Dodging        | 1 2 3 |  3.8
Stealth        | 1 2 3 4 |  4.2
Shields        | 4 5 6 |  6.0
Armour         | 4 5 |  5.5
Maces & Flails | 1 2 |  2.0

Action                   |  1- 3 |  4- 6 |  7- 9 || total
-------------------------+-------+-------+-------++-------
Melee: War axe           |   133 |    86 |   279 ||   498
       Morningstar       |       |    72 |    33 ||   105
  Use: Potion            |       |       |     6 ||     6
       Scroll            |       |       |    13 ||    13
 Stab: Invisible         |       |       |     1 ||     1
  Eat: Ration            |     1 |       |     4 ||     5
       Chunk             |       |     2 |     2 ||     4
Armor: Scale mail        |    63 |    41 |       ||   104
       Chain mail        |       |    13 |   163 ||   176
       Skin              |       |       |    16 ||    16
Dodge: Dodged            |    54 |    81 |   139 ||   274
Block: Shield            |    74 |   109 |   225 ||   408
